 Dungeon Crawl Stone Soup version 0.27.1-4-g1640c2035a (webtiles) character file.

Game seed: 9498737575119616723

845 zeram the Cleaver (level 8, -1/64 HPs)
             Began as a Hill Orc Fighter on Nov 11, 2021.
             Slain by Pikel (2 damage)
             ... on level 5 of the Dungeon.
             The game lasted 00:06:16 (4120 turns).

zeram the Cleaver (Hill Orc Fighter)                Turns: 4120, Time: 00:06:17

Health: -1/64      AC:  7    Str: 19    XL:     8   Next: 0%
Magic:  8/8        EV:  7    Int: 10    God:
Gold:   97         SH: 10    Dex: 10    Spells: 7/7 levels left

rFire    . . .     SeeInvis .   a - +1 war axe
rCold    . . .     Faith    .   c - +1 kite shield
rNeg     . . .     Spirit   .   b - +0 scale mail
rPois    .         Reflect  .   h - +1 hat
rElec    .         Harm     .   (no cloak)
rCorr    .         Rampage  .   (no gloves)
Will     .....                  (no boots)
Stlth    ..........             (no amulet)
HPRegen  0.20/turn              (no ring)
MPRegen  0.11/turn              (no ring)

@: no status effects
A: no striking features
a: no special abilities


You were on level 5 of the Dungeon.
You visited 1 branch of the dungeon, and saw 5 of its levels.

You collected 97 gold pieces.

Inventory:

Hand Weapons
 a - a +1 war axe (weapon)
Armour
 b - a +0 scale mail (worn)
 c - a +1 kite shield (worn)
 h - a +1 hat (worn)
Jewellery
 i - a +4 ring of evasion
Wands
 k - a wand of paralysis (16)
Scrolls
 e - a scroll of blinking
 f - a scroll of enchant weapon
 l - a scroll of fog {unknown}
Potions
 d - 2 potions of haste {unknown}
 g - 2 potions of brilliance
 j - 3 potions of attraction


   Skills:
 - Level 3.6 Fighting
 + Level 11.4 Axes
 - Level 3.2 Armour
 - Level 3.2 Shields


You had 7 spell levels left.
You didn't know any spells.
Your spell library was empty.

Dungeon Overview and Level Annotations

Branches:
Dungeon (5/15)             Temple (0/1) D:5

Altars:
Kikubaaqudgha
Qazlal
Wu Jian
Zin

Shops:
D:4 *

Annotations:
D:4 1 runed translucent door, scsoc's ghost, novice DrCj
D:5 Pikel


Message History

The hound bites you but does no damage. You block the hound's attack.
Keep equipping yourself? [Y]es or [N]o only, please.
Keep equipping yourself?
You block the hound's attack.
You start putting on your armour.
You continue putting on your +1 hat.
The hound bites you.
* * * LOW HITPOINT WARNING * * *
You continue putting on your +1 hat.
The hound barely misses you. You block the hound's attack.
You continue putting on your +1 hat.
The hound bites you but does no damage.
You continue putting on your +1 hat.
You block the hound's attack. The hound bites you but does no damage.
You finish putting on your +1 hat.
Unknown command.
You block the hound's attack. The hound bites you but does no damage.
The hound stops to sniff the ground.
The hound bites you.
* * * LOW HITPOINT WARNING * * *
The hound bites you but does no damage. The hound bites you but does no damage.
You block the hound's attack. You block the hound's attack.
Pikel says, "You'll feel the lick of my whip!"
You block the hound's attack. The hound bites you.
* * * LOW HITPOINT WARNING * * *
An ice beast comes into view.
Pikel waves his whip at you. The hound closely misses you.
The hound barely misses you. You block the adder's attack. The hound bites you.
* * * LOW HITPOINT WARNING * * *
Pikel hits you with a +1 whip of flaming.
* * * LOW HITPOINT WARNING * * *
Pikel burns you.
You die...

###S##+# #......#
#.##.#..# #......#
#......#
#..#.#.###.#########.
#....................
#.Y#.#..#####.##.###
#........# #/##.#
#..#.#.#.# #.#.#
#..Sh@#.... #5.#
#..#K#.#.#.##.##
#..........h...## .#
#.h#....##.#..#.# .
#........#..Z..#..##
#..#5#.....#)#.##..#
#...........#....#.##
##.#.#.#...#.#.#.#..#
#..................##


You could see Pikel, a black bear, an ice beast, a lemure, a hound and an adder.

Vanquished Creatures
  Grinder (D:3)
  Sigmund (D:4)
  A black bear (D:4)
  An ogre (D:5)
  A lemure (D:5)
  Natasha (thrice) (D:3)
  Terence (D:3)
  An iguana (D:4)
  7 adders
  8 gnolls
  A worm (D:4)
  A dart slug (D:2)
  2 orcs
  2 endoplasms (D:1)
  A giant cockroach (D:4)
  8 goblins
  10 hobgoblins
  7 jackals
  A quokka (D:4)
  6 ball pythons
  3 bats (D:1)
  A frilled lizard (D:2)
  6 kobolds
  3 rats (D:1)
77 creatures vanquished.

Vanquished Creatures (others)
  2 withered plants (D:4)
2 creatures vanquished.

Grand Total: 79 creatures vanquished

Notes
Turn   | Place    | Note
-------+----------+-------------------------------------------
     0 | D:1      | zeram the Hill Orc Fighter began the quest for the Orb.
     0 | D:1      | Reached XP level 1. HP: 19/19 MP: 1/1
    24 | D:1      | Reached skill level 3 in Axes
   130 | D:1      | Reached XP level 2. HP: 15/26 MP: 2/2
   481 | D:1      | Reached skill level 4 in Axes
   711 | D:1      | Reached XP level 3. HP: 31/31 MP: 3/3
  1062 | D:2      | Reached skill level 5 in Axes
  1607 | D:2      | Reached XP level 4. HP: 37/39 MP: 4/4
  1619 | D:2      | Reached skill level 6 in Axes
  2307 | D:3      | Found an ancient bone altar of Kikubaaqudgha.
  2328 | D:3      | Noticed Grinder
  2334 | D:3      | Reached XP level 5. HP: 45/45 MP: 5/5
  2344 | D:3      | Killed Grinder
  2345 | D:3      | Reached skill level 8 in Axes
  2345 | D:3      | Reached XP level 6. HP: 28/51 MP: 6/6
  2526 | D:3      | Noticed Natasha
  2538 | D:3      | Killed Natasha
  2599 | D:3      | Noticed Terence
  2608 | D:3      | Killed Terence
  2609 | D:3      | Reached skill level 9 in Axes
  2657 | D:3      | Noticed Natasha
  2663 | D:3      | Killed Natasha
  2673 | D:3      | Noticed Natasha
  2683 | D:3      | Killed Natasha
  2966 | D:4      | Found a stormy altar of Qazlal.
  2985 | D:4      | Found a runed translucent door.
  2987 | D:4      | Noticed scsoc's ghost (novice DrCj)
  3065 | D:4      | Reached XP level 7. HP: 52/57 MP: 7/7
  3208 | D:4      | Noticed Sigmund
  3220 | D:4      | Killed Sigmund
  3221 | D:4      | Reached skill level 10 in Axes
  3624 | D:4      | Found a glowing silver altar of Zin.
  3625 | D:4      | Found Zin's Purification Station.
  3784 | D:4      | Found an ornate altar of the Wu Jian Council.
  3808 | D:4      | Reached skill level 11 in Axes
  3985 | D:5      | Entered Level 5 of the Dungeon
  3985 | D:5      | Found a staircase to the Ecumenical Temple.
  3986 | D:5      | Noticed Pikel
  4021 | D:5      | Reached XP level 8. HP: 6/64 MP: 8/8
  4120 | D:5      | HP: 1/64 [Pikel (4)]
  4120 | D:5      | Slain by Pikel

Illustrated notes

Levels and vault maps discovered:
D:1:      shiori_angband_town, layout_basic, minmay_close_crescents
D:2:      layout_loops_cross, grunt_ministairs_8, grunt_decor_cap, st_stairs_6
D:3:      layout_rooms, mainiacjoe_overflow_alcove_1, uniq_natasha,
          uniq_terence, uniq_grinder
D:4:      layout_basic, lemuel_crystal_altar, zin_purify,
          nzn_wu_jian_council_hall, gammafunk_ghost_grave,
          minmay_misc_feat_enclosed, uniq_sigmund
D:5:      layout_loops_ring, marbit_many_paths, mainiacjoe_overflow_24_doors,
          minmay_temple_entry_glass, amcnicky_mini_rare_corridor_liquid,
          hangedman_decor_riveting, small_statue_intersection, uniq_ijyb,
          uniq_pikel

Skill      XL: |  1  2  3  4  5  6  7 |
---------------+----------------------+-----
Axes           | 3 4 5 6 8 9 11 | 11.4
Fighting       | |  3.6
Armour         | |  3.2
Shields        | |  3.2

Action                   |  1- 3 |  4- 6 |  7- 9 || total
-------------------------+-------+-------+-------++-------
Melee: War axe           |    81 |    91 |    63 ||   235
  Use: Scroll            |       |     7 |     1 ||     8
       Potion            |       |     3 |     1 ||     4
Armor: Scale mail        |    42 |    38 |    29 ||   109
Dodge: Dodged            |    30 |    27 |    34 ||    91
Block: Kite shield       |    41 |    50 |    46 ||   137
